Map: Terraform LE (Void)

Players

Kelazhur

  • Race: Terran Terran
  • League: Gold

Arthur - Winner!

  • Race: Protoss Protoss
  • League: Diamond

Event: ASL Season 5 Prime League LOTV Beta

VOD

Have the link to the VOD?

Description

Time

  • Played on: Sept. 7, 2015, 8:54 p.m.
  • Length: 8:24

All games in this series

Show
View Real Time Build Order
Export as new Build Order

Kelazhur Terran 

Build Orders: Reaper Expand, MMM Bio 

Get SALT Encoding   

  12  0:01  SCV  
  13  0:13  SCV  
  14  0:17  Supply Depot  
  14  0:25  SCV  
  15  0:39  SCV  
  15  0:42  Barracks  
  16  0:46  Refinery  
  16  0:51  SCV  
  17  1:03  SCV  
  18  1:15  SCV  
  19  1:28  Orbital Command  
  19  1:29  Reaper  
  20  1:45  Command Center  
  20  1:53  Supply Depot  
  20  1:54  SCV  
  21  2:01  Barracks Reactor  
  21  2:06  SCV  
  22  2:15  Engineering Bay  
  22  2:19  SCV  
  23  2:24  Factory  
  23  2:31  SCV  
  24  2:43  Marine x2  
  26  2:44  SCV  
  26  2:58  Orbital Command  
  26  3:00  Bunker  
  26  3:01  Marine x2  
  29  3:05  SCV  
  29  3:09  Starport, Widow Mine  
  31  3:16  Orbital Command  
  31  3:19  Marine x2  
  33  3:21  SCV  
  34  3:33  SCV  
  35  3:36  Supply Depot  
  35  3:37  Refinery  
  35  3:38  Marine x2  
  35  3:39  Barracks  
  35  3:41  Barracks, Widow Mine  
  37  3:44  SCV  
  37  3:48  SCV  
  40  3:55  Medivac  
  40  3:56  SCV  
  40  3:57  Marine x2  
  40  4:00  SCV  
  46  4:08  SCV  
  47  4:12  SCV  
  47  4:13  Widow Mine  
  50  4:21  SCV  
  50  4:22  Supply Depot  
  51  4:24  Marine x2  
  51  4:28  SCV  
  51  4:30  Barracks Tech Lab x2  
  54  4:34  Starport Reactor  
  54  4:37  Refinery  
  54  4:38  Refinery  
  54  4:43  SCV x2, Marine x2  
  58  4:52  Stimpack  
  58  4:54  Marauder x2  
  58  4:55  SCV  
  61  5:05  SCV  
  41  5:15  SCV  
  41  5:17  SCV  
  41  5:18  Marauder x2, Marine x2  
  46  5:27  SCV, Widow Mine, Medivac  
  46  5:31  SCV  
  44  5:39  Marine  
  44  5:40  Marauder, Marine  
  44  5:41  Marauder  
  48  5:47  SCV, Orbital Command  
  48  5:59  SCV  
  48  6:01  Marauder  
  48  6:02  Marauder  
  53  6:10  Marine x2  
  55  6:11  SCV  
  55  6:15  Bunker  
  56  6:19  SCV  
  56  6:23  Medivac x2  
  61  6:26  Marauder  
  63  6:37  Supply Depot  
  63  6:41  Combat Shields  
  63  6:44  Orbital Command  
  58  7:04  Marine x2  
  58  7:05  Marauder x2  
  52  7:41  Marauder  
  52  7:42  Marauder  
  52  7:46  Marine x2  
Show
View Real Time Build Order
Export as new Build Order

Arthur Protoss - Winner!

Build Orders: Mass Adepts 

Get SALT Encoding   

  12  0:00  Probe (Chrono Boost)  
  13  0:14  Pylon  
  13  0:17  Probe (Chrono Boost)  
  14  0:27  Probe (Chrono Boost)  
  15  0:37  Probe (Chrono Boost)  
  15  0:39  Gateway  
  16  0:47  Probe (Chrono Boost)  
  16  0:49  Assimilator  
  17  0:57  Probe (Chrono Boost)  
  17  1:02  Pylon  
  18  1:07  Probe (Chrono Boost)  
  19  1:17  Probe (Chrono Boost)  
  20  1:20  Assimilator  
  20  1:27  Cybernetics Core, Probe (Chrono Boost)  
  21  1:37  Probe (Chrono Boost)  
  21  1:38  Pylon  
  22  1:48  Probe (Chrono Boost)  
  23  1:58  Probe (Chrono Boost)  
  24  2:06  Adept  
  27  2:10  Warp Gate (Chrono Boost)  
  27  2:19  Mothership Core (Chrono Boost)  
  27  2:21  Pylon  
  28  2:33  Adept  
  28  2:36  Probe (Chrono Boost)  
  31  2:46  Probe (Chrono Boost)  
  32  2:56  Probe (Chrono Boost)  
  32  2:57  Pylon  
  33  3:00  Adept  
  35  3:08  Nexus  
  35  3:13  Gateway  
  35  3:18  Gateway  
  35  3:26  Gateway  
  35  3:30  Probe (Chrono Boost)  
  38  3:34  Sentry  
  38  3:46  Probe  
  39  3:55  Robotics Facility  
  39  4:07  Probe  
  40  4:12  Pylon  
  40  4:13  Adept x3  
  46  4:19  Probe x2  
  48  4:25  Adept  
  50  4:36  Adept x2  
  50  4:38  Sentry  
  56  4:44  Adept  
  58  4:46  Probe  
  58  4:48  Probe  
  56  5:01  Adept x3  
  56  5:03  Adept  
  60  5:10  Probe, Observer (Chrono Boost)  
  60  5:11  Probe  
  51  5:15  Pylon  
  51  5:19  Pylon  
  51  5:37  Adept x3  
  51  5:38  Adept  
  51  5:41  Probe  
  55  5:47  Probe  
  55  5:48  Pylon  
  56  5:53  Probe  
  57  5:57  Probe (Chrono Boost)  
  58  6:04  Probe (Chrono Boost)  
  58  6:08  Probe (Chrono Boost)  
  60  6:11  Immortal  
  60  6:14  Sentry  
  60  6:16  Sentry  
  60  6:18  Probe (Chrono Boost)  
  69  6:20  Probe (Chrono Boost)  
  70  6:30  Pylon  
  72  6:37  Adept x3  
  76  6:42  Adept  
  75  6:56  Immortal (Chrono Boost)  
  79  7:06  Sentry x2  
  79  7:07  Stalker x2  
  79  7:08  Probe (Chrono Boost)  
  87  7:09  Probe  
  89  7:18  Probe  
  89  7:22  Probe, Assimilator  
  91  7:24  Assimilator  
  89  7:34  Pylon  
  89  7:36  Stalker x2  
  93  7:37  Stalker  
  93  7:45  Stalker  
  93  7:47  Probe  
  93  7:49  Probe (Chrono Boost)  
  97  7:52  Forge  
  97  7:59  Probe (Chrono Boost)  
  97  8:01  Probe (Chrono Boost)  
  97  8:09  Probe (Chrono Boost)  
  98  8:17  Sentry  
  96  8:18  Sentry  
Tags
 
Add a new tag
Caveats
  • Supply blocks, unpowered buildings, or Contaminate may cause inaccurate times.
  • Supply counts are checked every 10 seconds.